 Dungeon Crawl Stone Soup version 0.23-a0-642-g3120c2f (webtiles) character file.

63 MisterFreud the Sneak (level 3, -7/12 HPs)
             Began as a Felid Summoner on Dec 30, 2018.
             Was an Initiate of Hepliaklqana.
             Killed by divine providence
             ... invoked by an orc priest
              (12 damage)
             ... on level 3 of the Dungeon.
             The game lasted 00:07:41 (2512 turns).

MisterFreud the Sneak (Felid Summoner)              Turns: 2512, Time: 00:07:41

Health: -7/12      AC:  1    Str:  4    XL:     3   Next: 89%
Magic:  6/7        EV: 19    Int: 17    God:    Hepliaklqana [......]
Gold:   112        SH:  0    Dex: 16    Spells: 3/6 levels left
                                        Lives:  0   Deaths: 0

rFire    + . .     SeeInvis +   (weapon unavailable)
rCold    x . .     Gourm    .   (shield unavailable)
rNeg     . . .     Faith    .   (armour unavailable)
rPois    .         Spirit   .   (helmet unavailable)
rElec    .         Reflect  .   (cloak unavailable)
rCorr    .         Harm     .   (gloves unavailable)
MR       .....                  (boots unavailable)
Stlth    +++.......             (no amulet)
HPRegen  0.04/turn              e - ring of fire
MPRegen  0.10/turn              (no ring)

@: quick
A: very small, no armour, no weapons or thrown items, stealth, reduced essence,
claws 1, fangs 3, see invisible, carnivore, speed 1, shaggy fur 1, slow
metabolism 1, sharp paws
a: Recall Ancestor, Ancestor Identity, Renounce Religion


You were on level 3 of the Dungeon.
You worshipped Hepliaklqana.
Hepliaklqana was noncommittal.
You were very full.

You visited 1 branch of the dungeon, and saw 3 of its levels.

You collected 112 gold pieces.

Inventory:

Jewellery
 e - a ring of fire (left paw)
Scrolls
 a - a scroll of teleportation
Potions
 f - a potion of curing
Comestibles
 b - 5 rations


   Skills:
 + Level 3.9 Dodging
 - Level 5.0 Stealth
 + Level 0.6 Unarmed Combat
 - Level 2.0 Spellcasting
 - Level 4.0 Summonings


You had 3 spell levels left.
You knew the following spells:

 Your Spells              Type           Power        Failure   Level  Hunger
a - Summon Small Mammal   Summ           ###.         3%          1    #......
b - Call Imp              Summ           ###.....     5%          2    ###....

Your spell library contained the following spells:

 Spells                   Type           Power        Failure   Level  Hunger
 Call Canine Familiar     Summ           ###.....     11%         3    ###....
 Summon Guardian Golem    Hex/Summ       #.......     26%         3    ###....
 Summon Ice Beast         Ice/Summ       #.......     63%         4    #####..
 Summon Lightning Spire   Summ/Air       #.......     63%         4    #####..


Dungeon Overview and Level Annotations

Branches:
Dungeon (3/15)

Altars:
Dithmenos
Hepliaklqana
Trog


Innate Abilities, Weirdness & Mutations

You cannot wear armour.
You are incapable of wielding weapons or throwing items.
Your paws allow you to move quietly. (Stealth)
You have sharp claws.
You have razor-sharp teeth.
You have supernaturally acute eyesight. (SInv)
You are carnivorous and can eat meat at any time.
You cover ground quickly.
You are covered in fur. (AC +1)
You have a slow metabolism.
Your sharp claws are effective at attacking unaware monsters.
Your life essence is reduced to manifest your ancestor. (-10% HP)


Message History

You see here a tomahawk.
Something closely misses your crimson imp.
You pounce on the unaware helpless orc priest!
You claw the orc priest!
The orc priest is almost dead.
You scratch the orc priest but do no damage.
The orc priest is almost dead.
The orc priest closely misses you.
The orc shouts!
You barely miss the orc priest.
The orc priest is almost dead.
The orc hits you with a +0 falchion!
Ouch! That really hurt!
The orc priest closely misses you.
Your crimson imp hits the orc priest but does no damage.
Something hits your crimson imp.
The orc priest calls down the wrath of Beogh upon you.
Beogh smites you!
Ouch! That really hurt!
You die...

#.......#
#.#.#...#
#%#)...(#
#.#...oo#
#.#..o#.#
.....>5.#.#
#.#.#.o.#.#
#.#..##.#
#...o@(.#
#########


You could see an orc priest, an orc and a friendly crimson imp.

Vanquished Creatures
  An adder (D:2)
  An ooze (D:2)
  An orc (D:3)
  6 bats
  3 giant cockroaches (D:1)
  4 goblins
  2 hobgoblins (D:1)
  3 kobolds (D:1)
  2 rats (D:1)
23 creatures vanquished.

Vanquished Creatures (collateral kills)
  3 adders (D:2)
  An ooze (D:1)
  A worm (D:2)
  3 hobgoblins
  A bat (D:1)
  A frilled lizard (D:1)
  3 kobolds
13 creatures vanquished.

Grand Total: 36 creatures vanquished

Notes
Turn   | Place    | Note
-------+----------+-------------------------------------------
     0 | D:1      | MisterFreud the Felid Summoner began the quest for the Orb.
     0 | D:1      | Reached XP level 1. HP: 7/7 MP: 4/4
    72 | D:1      | Reached skill level 3 in Stealth
   449 | D:1      | Reached skill level 4 in Stealth
   449 | D:1      | Reached XP level 2. HP: 11/11 MP: 6/6
   799 | D:1      | Reached skill level 5 in Stealth
  1061 | D:1      | Reached XP level 3. HP: 14/14 MP: 5/7
  1280 | D:1      | Learned a level 2 spell: Call Imp
  2151 | D:2      | Found a hazy altar of Hepliaklqana.
  2166 | D:2      | Found a bloodstained altar of Trog.
  2170 | D:2      | Found a shadowy altar of Dithmenos.
  2183 | D:2      | Became a worshipper of Hepliaklqana the Forgotten
  2512 | D:3      | Killed from afar by an orc priest

Vault maps used:
D:1:      dpeg_arrival_arbitrary_b, dk_noncrumbling_4, fountainhead,
          hangedman_feature_mirror
D:2:      minitemple
D:3:      kennysheep_ying_yang, nicolae_overflow_crystal_walls

Skill      XL: |  1  2  3 |
---------------+----------+-----
Stealth        | 4 5 |  5.0
Dodging        | 3 |  3.9
Unarmed Combat | |  0.6
Spellcasting   | |  2.0
Summonings     | |  4.0

Action                   || total
-------------------------++-------
Melee: Unarmed           ||    77
       Bite              ||     3
 Cast: Summon Small Mamm ||    28
       Call Imp          ||    15
  Use: Scroll            ||     5
 Stab: Sleeping          ||    15
  Eat: Chunk             ||    11
Armor: Skin              ||     5
Dodge: Dodged            ||    72

Table legend:
 A = Non-vault XP
 B = Vault XP
 C = Vault XP percentage of total XP
 D = Non-vault monster count
 E = Vault monster count
 F = Vault count percentage of total count
                 A         B        C        D         E       F
            +---------+---------+-------+---------+---------+-------
      Total |      87 |       4 |   4.4 |      34 |       2 |   5.6
            +---------+---------+-------+---------+---------+-------
        D:1 |      40 |       4 |   9.1 |      23 |       2 |   8.0
        D:2 |      44 |       0 |   0.0 |      10 |       0 |   0.0
        D:3 |       3 |       0 |   0.0 |       1 |       0 |   0.0
            +---------+---------+-------+---------+---------+-------
